Heat vs Falcons

Created - Thursday, May 19, 2016 at 02:53

Goals
1 2 3 OT1 T
Heat 0 0 2 1 3
Falcons 0 2 0 0 2
Shots
1 2 3 OT1 T
Heat 6 4 10 8 28
Falcons 5 7 15 13 40

1st period

No Goal

Penalties :
Markus Granlund (SPR) for Tripping (Minor) at 1:29, Eric Boulton (STO) for Cross-checking (Minor) at 4:38

2nd period

1. Falcons , Vincent Trocheck 1 (Dmitrij Jaskin, Shane Harper) at 16:36
2. Falcons , Markus Granlund 6 (Jacob De La Rose, Brandon Davidson) at 17:36 (PP)

Penalties :
Michael Kostka (SPR) for Hooking (Minor) at 0:27, Corey Potter (STO) for Slashing (Minor) at 6:31, Tobias Rieder (SPR) for Goalie Interference (Minor) at 12:21, Max Reinhart (STO) for Interference (Minor) at 16:44

3rd period

3. Heat , Johan Larsson 6 (Andre Burakovsky, Tyson Strachan) at 0:36
4. Heat , Seth Griffith 7 (Brooks Laich) at 13:43

Penalties :
Michael Kostka (SPR) for Delaying the game (Minor) at 0:39, Jason Garrison (STO) for Hooking (Minor) at 17:18

Overtime #1

5. Heat , Seth Griffith 8 (Brooks Laich) at 18:09

Penalties :
No Penalty

Goalie Stats

Andrei Vasilevskiy (STO), 38 saves from 40 shots - (0.950), W, 3-0-0, 78:09 minutes
Christopher Gibson (SPR), 25 saves from 28 shots - (0.893), OTL, 4-1-2, 78:09 minutes

Players Stats for Heat

Player Name              G  A  P  +/- PIM S  H  SB GA TA FO     MP     PP MP  PK MP  
------------------------------------------------------------------------------------
Andre Burakovsky         0  1  1   1  0   3  2  1  3  1  0/0    21:03   4:01   0:00 
Brooks Laich             0  2  2   1  0   4  3  1  1  1  0/1    19:15   4:01   0:00 
Corey Potter             0  0  0   0  2   0  2  3  0  0  0/0    24:32   3:58   0:35 
Eric Boulton             0  0  0   0  2   0  1  0  1  0  0/1    15:07   0:00   0:35 
Jason Garrison           0  0  0   2  2   0  0  1  0  1  0/0    31:13   3:58   2:39 
Johan Larsson            1  0  1   1  0   3  1  0  1  1  7/14   21:03   4:01   0:00 
Keith Ballard            0  0  0   0  0   0  3  0  0  0  0/0    29:38   3:58   3:35 
Konrad Abeltshauser      0  0  0   0  0   1  0  0  0  0  0/0    23:45   0:00   3:14 
Lucas Lessio             0  0  0   0  0   3  4  1  1  0  1/1    15:46   0:00   0:00 
Matt Ellis               0  0  0   1  0   1  4  1  1  0  6/10   19:04   3:55   0:00 
Max Reinhart             0  0  0   0  2   0  1  1  0  1  7/11   19:44   0:00   3:05 
Michael Ferland          0  0  0   0  0   1  3  0  0  1  0/0    17:42   0:00   3:09 
Michael Ryder            0  0  0   0  0   0  3  0  4  0  0/0    20:20   0:00   3:40 
Seth Griffith            2  0  2   1  0   2  0  0  4  0  0/2    19:04   3:55   0:00 
Stephane Veilleux        0  0  0   1  0   2  2  1  1  0  1/1    20:52   3:55   0:00 
Tyler Pitlick            0  0  0   0  0   2  3  1  3  0  4/8    17:42   0:00   3:09 
Tyler Wotherspoon        0  0  0   0  0   0  1  0  0  0  0/0    19:26   0:00   0:00 
Tyson Strachan           0  1  1   2  0   6  3  4  0  3  0/0    28:36   3:58   3:35 

Players Stats for Falcons

Player Name              G  A  P  +/- PIM S  H  SB GA TA FO     MP     PP MP  PK MP  
------------------------------------------------------------------------------------
Brandon Davidson         0  1  1   0  0   3  2  5  0  1  0/0    28:33   4:40   2:52 
Dmitrij Jaskin           0  1  1  -1  0   3  1  0  4  0  1/1    20:25   3:57   1:12 
Emile Poirier            0  0  0   0  0   2  0  1  3  0  0/1    14:11   0:00   0:00 
Freddie Hamilton         0  0  0  -1  0   5  2  1  0  0  2/4    24:26   2:30   1:38 
Greg Rallo               0  0  0   0  0   3  2  1  2  0  2/2    16:41   0:00   0:00 
Henrik Tommernes         0  0  0   0  0   0  0  0  0  0  0/0    21:54   2:09   0:00 
Jacob De La Rose         0  1  1   0  0   5  4  1  1  1  6/7    23:53   2:52   5:05 
Joey Hishon              0  0  0   0  0   2  0  1  3  0  3/8    21:28   0:00   2:54 
Jonathan Marchessault    0  0  0  -1  0   4  1  1  1  0  0/0    21:32   0:51   0:00 
Markus Granlund          1  0  1  -1  2   3  1  0  4  1  4/9    23:42   2:30   0:32 
Michael Kostka           0  0  0  -2  4   2  0  2  0  2  0/0    24:58   0:00   2:45 
Nathan Beaulieu          0  0  0   0  0   0  0  2  0  2  0/0    32:12   4:40   2:52 
Robert Hagg              0  0  0   0  0   2  2  0  1  1  0/0    22:13   0:00   2:19 
Shane Harper             0  1  1   0  0   0  1  0  1  2  0/0    12:16   0:22   0:00 
Slater Koekkoek          0  0  0   0  0   0  0  0  0  0  0/0     0:00   0:00   0:00 
Tobias Rieder            0  0  0  -1  2   0  1  1  2  0  0/4    27:22   3:28   3:48 
Ville Pokka              0  0  0  -2  0   0  1  1  0  0  0/0    26:54   2:09   5:04 
Vincent Trocheck         1  0  1  -1  0   6  2  0  3  0  5/13   20:05   3:57   0:43 

3 Stars

1 - Seth Griffith (STO)
2 - Brooks Laich (STO)
3 - Tyson Strachan (STO)

Power Play

Heat - 0 on 4 Attempt(s) - 0.00%
Falcons - 1 on 4 Attempt(s) - 25.00%

Penalty Kill

Heat - 3 on 4 Attempt(s) - 75.00% - Score 0 goal in Penalty Kill
Falcons - 4 on 4 Attempt(s) - 100.00% - Score 0 goal in Penalty Kill

Team Stat

Heat - Hits : 36 - Faceoff Wins : 26 - Blocked Shots : 15 - Penalty Minutes : 8
Falcons - Hits : 20 - Faceoff Wins : 23 - Blocked Shots : 17 - Penalty Minutes : 8

Official

Referees : Unknown
Linesman : Unknown

Game Notes

No Game Note

Finance

Level 1 -- Attendance: 2000 (100.00%) -- Ticket Income $70,000
Level 2 -- Attendance: 1000 (100.00%) -- Ticket Income $15,000
Total Attendance: 3000 (100.00%)
Total Ticket Income: $85,000
Other Income: $41,650
Total Income: $126,650

Heat

5 vs 5 Forward 
   Center                   Left Wing                Right Wing               Time % Phy DF OF 
 1 Johan Larsson            Stephane Veilleux        Andre Burakovsky         28     0   1  4  
 2 Matt Ellis               Brooks Laich             Seth Griffith            25     0   1  4  
 3 Max Reinhart             Lucas Lessio             Michael Ryder            25     0   1  4  
 4 Tyler Pitlick            Michael Ferland          Eric Boulton             22     1   2  2  

5 vs 5 Defense 
   Defense                  Defense                                           Time % Phy DF OF 
 1 Jason Garrison           Tyson Strachan                                    35     1   2  2  
 2 Keith Ballard            Tyler Wotherspoon                                 30     1   2  2  
 3 Konrad Abeltshauser      Corey Potter                                      25     1   2  2  
 4 Jason Garrison           Keith Ballard                                     10     1   2  2  

PowerPlay Forward 
   Center                   Left Wing                Right Wing               Time % Phy DF OF 
 1 Johan Larsson            Brooks Laich             Andre Burakovsky         50     0   0  5  
 2 Matt Ellis               Stephane Veilleux        Seth Griffith            50     0   0  5  

PowerPlay Defense
   Defense                  Defense                                           Time % Phy DF OF 
 1 Jason Garrison           Corey Potter                                      50     0   0  5  
 2 Keith Ballard            Tyson Strachan                                    50     0   0  5  

Penalty Kill 4 Players Forward 
   Center                   Wing                     Time % Phy DF OF 
 1 Tyler Pitlick            Michael Ferland          50     0   5  0  
 2 Max Reinhart             Michael Ryder            50     0   5  0  

Penalty Kill 4 Players Defense
   Defense                  Defense                  Time % Phy DF OF 
 1 Keith Ballard            Tyson Strachan           50     0   5  0  
 2 Jason Garrison           Konrad Abeltshauser      50     0   5  0  

Penalty Kill - 3 Players Forward 
   Forward                                           Time % Phy DF OF 
 1 Tyler Pitlick                                     50     0   5  0  
 2 Max Reinhart                                      50     0   5  0  

Penalty Kill - 3 Players Defense
   Defense                  Defense                  Time % Phy DF OF 
 1 Jason Garrison           Keith Ballard            50     0   5  0  
 2 Konrad Abeltshauser      Tyson Strachan           50     0   5  0  

4 vs 4 Forward 
   Center                   Wing                     Time % Phy DF OF 
 1 Matt Ellis               Andre Burakovsky         50     1   2  2  
 2 Johan Larsson            Seth Griffith            50     1   2  2  

4 vs 4 Defense
   Defense                  Defense                  Time % Phy DF OF 
 1 Jason Garrison           Corey Potter             50     1   2  2  
 2 Keith Ballard            Tyson Strachan           50     1   2  2  

Last Minutes Offensive
   Center                   Left Wing                Right Wing               Defense                  Defense                  
   Johan Larsson            Lucas Lessio             Andre Burakovsky         Jason Garrison           Keith Ballard            

Last Minutes Defensive
   Center                   Left Wing                Right Wing               Defense                  Defense                  
   Matt Ellis               Stephane Veilleux        Brooks Laich             Jason Garrison           Tyson Strachan           

Goaltenders
Starting : Andrei Vasilevskiy       
Backup : Michael Leighton         

Extra Forwards
Normal : Michael Ryder, Michael Ferland, Stephane Veilleux - PP : Michael Ryder, Michael Ferland - PK : Eric Boulton
Extra Defensemen
Normal : Keith Ballard, Corey Potter, Tyler Wotherspoon - PP : Konrad Abeltshauser - PK : Corey Potter, Tyler Wotherspoon
Penalty Shots
Michael Ryder, Lucas Lessio, Brooks Laich, Andre Burakovsky, Johan Larsson

Falcons

5 vs 5 Forward 
   Center                   Left Wing                Right Wing               Time % Phy DF OF 
 1 Vincent Trocheck         Dmitrij Jaskin           Tobias Rieder            35     1   2  2  
 2 Markus Granlund          Jonathan Marchessault    Freddie Hamilton         30     1   2  2  
 3 Joey Hishon              Jacob De La Rose         Greg Rallo               22     1   2  2  
 4 Tobias Rieder            Emile Poirier            Shane Harper             13     1   2  2  

5 vs 5 Defense 
   Defense                  Defense                                           Time % Phy DF OF 
 1 Nathan Beaulieu          Brandon Davidson                                  35     1   2  2  
 2 Michael Kostka           Ville Pokka                                       30     1   2  2  
 3 Henrik Tommernes         Robert Hagg                                       22     1   2  2  
 4 Michael Kostka           Nathan Beaulieu                                   13     1   2  2  

PowerPlay Forward 
   Center                   Left Wing                Right Wing               Time % Phy DF OF 
 1 Vincent Trocheck         Dmitrij Jaskin           Tobias Rieder            60     1   2  2  
 2 Markus Granlund          Jacob De La Rose         Freddie Hamilton         40     1   2  2  

PowerPlay Defense
   Defense                  Defense                                           Time % Phy DF OF 
 1 Nathan Beaulieu          Brandon Davidson                                  60     1   2  2  
 2 Henrik Tommernes         Ville Pokka                                       40     1   2  2  

Penalty Kill 4 Players Forward 
   Center                   Wing                     Time % Phy DF OF 
 1 Jacob De La Rose         Tobias Rieder            60     1   2  2  
 2 Markus Granlund          Freddie Hamilton         40     1   2  2  

Penalty Kill 4 Players Defense
   Defense                  Defense                  Time % Phy DF OF 
 1 Nathan Beaulieu          Brandon Davidson         60     1   2  2  
 2 Michael Kostka           Ville Pokka              40     1   2  2  

Penalty Kill - 3 Players Forward 
   Forward                                           Time % Phy DF OF 
 1 Jacob De La Rose                                  60     1   2  2  
 2 Markus Granlund                                   40     1   2  2  

Penalty Kill - 3 Players Defense
   Defense                  Defense                  Time % Phy DF OF 
 1 Nathan Beaulieu          Brandon Davidson         60     1   2  2  
 2 Michael Kostka           Ville Pokka              40     1   2  2  

4 vs 4 Forward 
   Center                   Wing                     Time % Phy DF OF 
 1 Vincent Trocheck         Jacob De La Rose         60     1   2  2  
 2 Markus Granlund          Dmitrij Jaskin           40     1   2  2  

4 vs 4 Defense
   Defense                  Defense                  Time % Phy DF OF 
 1 Nathan Beaulieu          Brandon Davidson         60     1   2  2  
 2 Henrik Tommernes         Ville Pokka              40     1   2  2  

Last Minutes Offensive
   Center                   Left Wing                Right Wing               Defense                  Defense                  
   Markus Granlund          Dmitrij Jaskin           Tobias Rieder            Nathan Beaulieu          Brandon Davidson         

Last Minutes Defensive
   Center                   Left Wing                Right Wing               Defense                  Defense                  
   Markus Granlund          Jacob De La Rose         Tobias Rieder            Nathan Beaulieu          Brandon Davidson         

Goaltenders
Starting : Christopher Gibson       
Backup : Malcolm Subban           

Extra Forwards
Normal : Joey Hishon, Emile Poirier, Greg Rallo - PP : Jonathan Marchessault, Shane Harper - PK : Joey Hishon
Extra Defensemen
Normal : Robert Hagg, Henrik Tommernes, Michael Kostka - PP : Robert Hagg - PK : Robert Hagg, Henrik Tommernes
Penalty Shots
Tobias Rieder, Dmitrij Jaskin, Vincent Trocheck, Markus Granlund, Jacob De La Rose

% Time on Ice - Heat

Lines # - Real PCT - Wanted PCT - Time Play
Normal Forward
1 - 27% - 28% - 17:02
2 - 25% - 25% - 16:03
3 - 25% - 25% - 15:46
4 - 23% - 22% - 14:33
Normal Defense
1 - 33% - 35% - 21:00
2 - 33% - 30% - 21:12
3 - 30% - 25% - 18:57
4 - 4% - 10% - 2:15
PP Forward
1 - 51% - 50% - 4:01
2 - 49% - 50% - 3:55
PP Defense
1 - 50% - 50% - 3:58
2 - 50% - 50% - 3:58
PK Forward
1 - 46% - 50% - 3:09
2 - 54% - 50% - 3:40
PK Defense
1 - 53% - 50% - 3:35
2 - 47% - 50% - 3:14
PK3 Forward
1 - 0% - 50%
2 - 0% - 50%
PK3 Defense
1 - 0% - 50%
2 - 0% - 50%
44 Forward
1 - 0% - 50%
2 - 0% - 50%
44 Defense
1 - 0% - 50%
2 - 0% - 50%
Last Minute Offensive  - 0:00
Last Minute Defensive  - 0:00
Total
Forward - 78:09
Defense - 78:09

% Time on Ice - Falcons

Lines # - Real PCT - Wanted PCT - Time Play
Normal Forward
1 - 25% - 35% - 15:38
2 - 32% - 30% - 20:18
3 - 25% - 22% - 15:34
4 - 19% - 13% - 11:54
Normal Defense
1 - 33% - 35% - 21:01
2 - 31% - 30% - 19:41
3 - 30% - 22% - 19:03
4 - 6% - 13% - 3:39
PP Forward
1 - 58% - 60% - 3:57
2 - 42% - 40% - 2:52
PP Defense
1 - 68% - 60% - 4:40
2 - 32% - 40% - 2:09
PK Forward
1 - 79% - 60% - 6:18
2 - 21% - 40% - 1:38
PK Defense
1 - 36% - 60% - 2:52
2 - 64% - 40% - 5:04
PK3 Forward
1 - 0% - 60%
2 - 0% - 40%
PK3 Defense
1 - 0% - 60%
2 - 0% - 40%
44 Forward
1 - 0% - 60%
2 - 0% - 40%
44 Defense
1 - 0% - 60%
2 - 0% - 40%
Last Minute Offensive  - 0:00
Last Minute Defensive  - 0:00
Total
Forward - 78:09
Defense - 78:09

Play by Play

1st period


0:01 of 1st period - Dmitrij Jaskin wins face-off versus Johan Larsson in neutral zone.
0:18 of 1st period - Slapshot by Vincent Trocheck.
0:18 of 1st period - Stopped by Andrei Vasilevskiy with a rebound.
0:20 of 1st period - Slapshot by Nathan Beaulieu.
0:20 of 1st period - Shot Blocked by Jason Garrison.
0:22 of 1st period - Wrist shot by Brandon Davidson.
0:22 of 1st period - Shot Blocked by Tyson Strachan.
0:24 of 1st period - Snap shot by Brandon Davidson.
0:24 of 1st period - Stopped by Andrei Vasilevskiy with a rebound.
0:26 of 1st period - Slapshot by Vincent Trocheck.
0:26 of 1st period - Shot Misses the Net.
0:28 of 1st period - Wrist shot by Tobias Rieder.
0:28 of 1st period - Shot Hit the Post.
0:30 of 1st period - Slapshot by Nathan Beaulieu.
0:30 of 1st period - Shot Blocked by Andre Burakovsky.
1:29 of 1st period - Minor Penalty to Markus Granlund for Tripping.
1:30 of 1st period - Jacob De La Rose wins face-off versus Johan Larsson in Falcons zone.
2:02 of 1st period - Slapshot by Jacob De La Rose.
2:02 of 1st period - Shot Blocked by Matt Ellis.
2:28 of 1st period - Tyson Strachan is hit by Freddie Hamilton and loses puck.
2:35 of 1st period - Michael Kostka is hit by Brooks Laich and loses puck.
2:52 of 1st period - Wrist shot by Stephane Veilleux.
2:52 of 1st period - Stopped by Christopher Gibson with a rebound.
3:15 of 1st period - Icing by Jason Garrison.
3:16 of 1st period - Jacob De La Rose wins face-off versus Johan Larsson in Heat zone.
3:19 of 1st period - Wrist shot by Jacob De La Rose.
3:19 of 1st period - Shot Misses the Net.
3:29 of 1st period - Penalty to Markus Granlund is over, Markus Granlund is back on ice.
3:47 of 1st period - Lucas Lessio is hit by Jacob De La Rose and loses puck.
4:38 of 1st period - Minor Penalty to Eric Boulton for Cross-checking.
4:39 of 1st period - Tyler Pitlick wins face-off versus Vincent Trocheck in Heat zone.
4:39 of 1st period - Tyler Pitlick is hit by Brandon Davidson.
5:07 of 1st period - Backhand shot by Markus Granlund.
5:07 of 1st period - Shot Misses the Net.
6:04 of 1st period - Konrad Abeltshauser is hit by Freddie Hamilton and loses puck.
6:38 of 1st period - Penalty to Eric Boulton is over, Eric Boulton is back on ice.
8:55 of 1st period - Wrist shot by Lucas Lessio.
8:55 of 1st period - Stopped by Christopher Gibson with a rebound.
9:23 of 1st period - Snap shot by Joey Hishon.
9:23 of 1st period - Shot Misses the Net.
9:25 of 1st period - Wrist shot by Greg Rallo.
9:25 of 1st period - Shot Blocked by Brooks Laich.
9:27 of 1st period - Wrist shot by Jacob De La Rose.
9:27 of 1st period - Shot Misses the Net.
9:37 of 1st period - Slapshot by Joey Hishon.
9:37 of 1st period - Stopped by Andrei Vasilevskiy without a rebound.
9:38 of 1st period - Johan Larsson wins face-off versus Joey Hishon in Heat zone.
10:03 of 1st period - Nathan Beaulieu is hit by Andre Burakovsky and loses puck.
10:45 of 1st period - Wrist shot by Michael Ferland.
10:45 of 1st period - Shot Misses the Net.
11:09 of 1st period - Emile Poirier is hit by Max Reinhart and loses puck.
12:33 of 1st period - Snap shot by Johan Larsson.
12:33 of 1st period - Stopped by Christopher Gibson with a rebound.
12:35 of 1st period - Snap shot by Andre Burakovsky.
12:35 of 1st period - Deflect By Johan Larsson.
12:35 of 1st period - Shot Misses the Net.
12:35 of 1st period - Puck is out of play.
12:36 of 1st period - Johan Larsson wins face-off versus Vincent Trocheck in Falcons zone.
12:54 of 1st period - Michael Ryder is hit by Dmitrij Jaskin and loses puck.
13:12 of 1st period - Henrik Tommernes is hit by Lucas Lessio and loses puck.
13:56 of 1st period - Snap shot by Brooks Laich.
13:56 of 1st period - Deflect By Matt Ellis.
13:56 of 1st period - Shot Misses the Net.
13:56 of 1st period - Puck is out of play.
13:57 of 1st period - Matt Ellis wins face-off versus Markus Granlund in Falcons zone.
14:00 of 1st period - Snap shot by Brooks Laich.
14:00 of 1st period - Shot Misses the Net.
14:02 of 1st period - Slapshot by Tyler Wotherspoon.
14:02 of 1st period - Shot Blocked by Nathan Beaulieu.
14:04 of 1st period - Backhand shot by Keith Ballard.
14:04 of 1st period - Shot Misses the Net.
14:18 of 1st period - Jonathan Marchessault is hit by Keith Ballard and loses puck.
15:01 of 1st period - Greg Rallo is hit by Keith Ballard and loses puck.
15:30 of 1st period - Snap shot by Johan Larsson.
15:30 of 1st period - Deflect By Andre Burakovsky.
15:30 of 1st period - Stopped by Christopher Gibson with a rebound.
15:37 of 1st period - Snap shot by Tyson Strachan.
15:37 of 1st period - Stopped by Christopher Gibson with a rebound.
16:01 of 1st period - Snap shot by Joey Hishon.
16:01 of 1st period - Deflect By Greg Rallo.
16:01 of 1st period - Stopped by Andrei Vasilevskiy with a rebound.
16:03 of 1st period - Snap shot by Greg Rallo.
16:03 of 1st period - Shot Blocked by Stephane Veilleux.
16:18 of 1st period - Icing by Michael Kostka.
16:19 of 1st period - Max Reinhart wins face-off versus Vincent Trocheck in Falcons zone.
17:23 of 1st period - Wrist shot by Shane Harper.
17:23 of 1st period - Shot Misses the Net.
17:25 of 1st period - Slapshot by Brandon Davidson.
17:25 of 1st period - Deflect By Shane Harper.
17:25 of 1st period - Shot Misses the Net.
17:25 of 1st period - Puck is out of play.
17:26 of 1st period - Tyler Pitlick wins face-off versus Joey Hishon in Heat zone.
17:41 of 1st period - Snap shot by Tyler Pitlick.
17:41 of 1st period - Stopped by Christopher Gibson without a rebound.
17:42 of 1st period - Freddie Hamilton wins face-off versus Tyler Pitlick in Falcons zone.
17:58 of 1st period - Snap shot by Freddie Hamilton.
17:58 of 1st period - Shot Misses the Net.
18:00 of 1st period - Snap shot by Jonathan Marchessault.
18:00 of 1st period - Shot Misses the Net.
19:39 of 1st period - Snap shot by Jonathan Marchessault.
19:39 of 1st period - Stopped by Andrei Vasilevskiy without a rebound.
19:40 of 1st period - Freddie Hamilton wins face-off versus Matt Ellis in Heat zone.
Goals for this period are 0 for Heat vs 0 for Falcons.
Shots for this period are 6 for Heat vs 5 for Falcons.

2nd period


0:01 of 2nd period - Johan Larsson wins face-off versus Vincent Trocheck in neutral zone.
0:27 of 2nd period - Minor Penalty to Michael Kostka for Hooking.
0:28 of 2nd period - Jacob De La Rose wins face-off versus Matt Ellis in Falcons zone.
1:33 of 2nd period - Icing by Brooks Laich.
1:34 of 2nd period - Johan Larsson wins face-off versus Jacob De La Rose in Heat zone.
1:48 of 2nd period - Ville Pokka is hit by Brooks Laich and loses puck.
2:07 of 2nd period - Snap shot by Seth Griffith.
2:07 of 2nd period - Shot Misses the Net.
2:27 of 2nd period - Penalty to Michael Kostka is over, Michael Kostka is back on ice.
2:29 of 2nd period - Jason Garrison is hit by Robert Hagg and loses puck.
3:01 of 2nd period - Slapshot by Michael Ferland.
3:01 of 2nd period - Stopped by Christopher Gibson with a rebound.
3:03 of 2nd period - Wrist shot by Tyler Pitlick.
3:03 of 2nd period - Stopped by Christopher Gibson with a rebound.
3:35 of 2nd period - Emile Poirier is hit by Michael Ryder and loses puck.
3:59 of 2nd period - Nathan Beaulieu is hit by Lucas Lessio and loses puck.
5:17 of 2nd period - Snap shot by Tyler Pitlick.
5:17 of 2nd period - Shot Misses the Net.
5:19 of 2nd period - Slapshot by Eric Boulton.
5:19 of 2nd period - Shot Misses the Net.
6:15 of 2nd period - Snap shot by Vincent Trocheck.
6:15 of 2nd period - Shot Misses the Net.
6:17 of 2nd period - Slapshot by Robert Hagg.
6:17 of 2nd period - Shot Blocked by Corey Potter.
6:19 of 2nd period - Slapshot by Henrik Tommernes.
6:19 of 2nd period - Shot Blocked by Corey Potter.
6:21 of 2nd period - Slapshot by Tobias Rieder.
6:21 of 2nd period - Deflect By Vincent Trocheck.
6:21 of 2nd period - Stopped by Andrei Vasilevskiy with a rebound.
6:23 of 2nd period - Wrist shot by Robert Hagg.
6:23 of 2nd period - Stopped by Andrei Vasilevskiy with a rebound.
6:31 of 2nd period - Minor Penalty to Corey Potter for Slashing.
6:32 of 2nd period - Tyler Pitlick wins face-off versus Vincent Trocheck in Heat zone.
7:19 of 2nd period - Jacob De La Rose is hit by Michael Ryder.
7:46 of 2nd period - Tobias Rieder is hit by Michael Ferland and loses puck.
7:56 of 2nd period - Tobias Rieder is hit by Michael Ferland and loses puck.
8:31 of 2nd period - Penalty to Corey Potter is over, Corey Potter is back on ice.
9:02 of 2nd period - Joey Hishon is hit by Matt Ellis and loses puck.
9:09 of 2nd period - Henrik Tommernes is hit by Tyson Strachan and loses puck.
9:16 of 2nd period - Emile Poirier is hit by Brooks Laich and loses puck.
9:33 of 2nd period - Jacob De La Rose is hit by Stephane Veilleux.
10:07 of 2nd period - Off-side.
10:08 of 2nd period - Vincent Trocheck wins face-off versus Tyler Pitlick in neutral zone.
10:17 of 2nd period - Michael Ferland is hit by Tobias Rieder and loses puck.
10:43 of 2nd period - Snap shot by Emile Poirier.
10:43 of 2nd period - Shot Misses the Net.
10:45 of 2nd period - Snap shot by Emile Poirier.
10:45 of 2nd period - Stopped by Andrei Vasilevskiy without a rebound.
10:46 of 2nd period - Greg Rallo wins face-off versus Matt Ellis in Heat zone.
11:01 of 2nd period - Tyler Wotherspoon is hit by Shane Harper and loses puck.
11:16 of 2nd period - Freddie Hamilton is hit by Corey Potter and loses puck.
11:49 of 2nd period - Jonathan Marchessault is hit by Keith Ballard and loses puck.
12:21 of 2nd period - Minor Penalty to Tobias Rieder for Goalie Interference.
12:22 of 2nd period - Jacob De La Rose wins face-off versus Johan Larsson in Falcons zone.
12:40 of 2nd period - Wrist shot by Andre Burakovsky.
12:40 of 2nd period - Stopped by Christopher Gibson with a rebound.
13:33 of 2nd period - Vincent Trocheck is hit by Tyson Strachan and loses puck.
13:56 of 2nd period - Matt Ellis is hit by Ville Pokka and loses puck.
14:03 of 2nd period - Ville Pokka is hit by Matt Ellis and loses puck.
14:21 of 2nd period - Penalty to Tobias Rieder is over, Tobias Rieder is back on ice.
14:52 of 2nd period - Snap shot by Lucas Lessio.
14:52 of 2nd period - Shot Misses the Net.
15:20 of 2nd period - Icing by Tyson Strachan.
15:21 of 2nd period - Lucas Lessio wins face-off versus Markus Granlund in Heat zone.
16:14 of 2nd period - Snap shot by Emile Poirier.
16:14 of 2nd period - Shot Misses the Net.
16:32 of 2nd period - Wrist shot by Dmitrij Jaskin.
16:32 of 2nd period - Shot Misses the Net.
16:34 of 2nd period - Snap shot by Vincent Trocheck.
16:34 of 2nd period - Shot Misses the Net.
16:36 of 2nd period - Slapshot by Vincent Trocheck.
16:36 of 2nd period - Goal by Vincent Trocheck - Heat : 0 - Falcons : 1.
16:37 of 2nd period - Joey Hishon wins face-off versus Max Reinhart in neutral zone.
16:42 of 2nd period - Wrist shot by Greg Rallo.
16:42 of 2nd period - Shot Misses the Net.
16:44 of 2nd period - Minor Penalty to Max Reinhart for Interference.
16:45 of 2nd period - Vincent Trocheck wins face-off versus Eric Boulton in Heat zone.
17:00 of 2nd period - Konrad Abeltshauser is hit by Brandon Davidson and loses puck.
17:30 of 2nd period - Snap shot by Jacob De La Rose.
17:30 of 2nd period - Stopped by Andrei Vasilevskiy with a rebound.
17:32 of 2nd period - Slapshot by Brandon Davidson.
17:32 of 2nd period - Shot Misses the Net.
17:34 of 2nd period - Snap shot by Jacob De La Rose.
17:34 of 2nd period - Stopped by Andrei Vasilevskiy with a rebound.
17:36 of 2nd period - Snap shot by Markus Granlund.
17:36 of 2nd period - Goal by Markus Granlund - Heat : 0 - Falcons : 2.
17:37 of 2nd period - Greg Rallo wins face-off versus Johan Larsson in neutral zone.
17:56 of 2nd period - Johan Larsson is hit by Greg Rallo and loses puck.
18:05 of 2nd period - Slapshot by Andre Burakovsky.
18:05 of 2nd period - Shot Blocked by Jacob De La Rose.
18:23 of 2nd period - Slapshot by Seth Griffith.
18:23 of 2nd period - Shot Misses the Net.
18:25 of 2nd period - Slapshot by Keith Ballard.
18:25 of 2nd period - Deflect By Seth Griffith.
18:25 of 2nd period - Shot Misses the Net.
18:25 of 2nd period - Puck is out of play.
18:26 of 2nd period - Markus Granlund wins face-off versus Matt Ellis in Falcons zone.
18:45 of 2nd period - Snap shot by Brooks Laich.
18:45 of 2nd period - Stopped by Christopher Gibson with a rebound.
19:03 of 2nd period - Wrist shot by Seth Griffith.
19:03 of 2nd period - Shot Blocked by Nathan Beaulieu.
19:13 of 2nd period - Lucas Lessio is hit by Markus Granlund and loses puck.
19:26 of 2nd period - Freddie Hamilton is hit by Lucas Lessio and loses puck.
Goals for this period are 0 for Heat vs 2 for Falcons.
Shots for this period are 4 for Heat vs 7 for Falcons.

3rd period


0:01 of 3rd period - Vincent Trocheck wins face-off versus Johan Larsson in neutral zone.
0:04 of 3rd period - Snap shot by Dmitrij Jaskin.
0:04 of 3rd period - Stopped by Andrei Vasilevskiy with a rebound.
0:36 of 3rd period - Snap shot by Johan Larsson.
0:36 of 3rd period - Goal by Johan Larsson - Heat : 1 - Falcons : 2.
0:37 of 3rd period - Joey Hishon wins face-off versus Max Reinhart in neutral zone.
0:39 of 3rd period - Minor Penalty to Michael Kostka for Delaying the game.
0:40 of 3rd period - Jacob De La Rose wins face-off versus Seth Griffith in Falcons zone.
1:37 of 3rd period - Jacob De La Rose is hit by Johan Larsson and loses puck.
2:11 of 3rd period - Freddie Hamilton is hit by Corey Potter.
2:27 of 3rd period - Brooks Laich is hit by Jacob De La Rose and loses puck.
2:36 of 3rd period - Robert Hagg is hit by Andre Burakovsky and loses puck.
2:39 of 3rd period - Penalty to Michael Kostka is over, Michael Kostka is back on ice.
3:02 of 3rd period - Ville Pokka is hit by Michael Ryder.
4:03 of 3rd period - Off-side.
4:04 of 3rd period - Matt Ellis wins face-off versus Tobias Rieder in neutral zone.
4:11 of 3rd period - Snap shot by Brooks Laich.
4:11 of 3rd period - Stopped by Christopher Gibson without a rebound.
4:12 of 3rd period - Matt Ellis wins face-off versus Markus Granlund in Falcons zone.
4:13 of 3rd period - Slapshot by Brooks Laich.
4:13 of 3rd period - Shot Misses the Net.
4:15 of 3rd period - Wrist shot by Brooks Laich.
4:15 of 3rd period - Shot Blocked by Brandon Davidson.
4:17 of 3rd period - Snap shot by Brooks Laich.
4:17 of 3rd period - Shot Misses the Net.
4:49 of 3rd period - Jacob De La Rose is hit by Tyson Strachan and loses puck.
5:21 of 3rd period - Tyson Strachan is hit by Vincent Trocheck and loses puck.
5:41 of 3rd period - Off-side.
5:42 of 3rd period - Stephane Veilleux wins face-off versus Freddie Hamilton in neutral zone.
5:51 of 3rd period - Snap shot by Andre Burakovsky.
5:51 of 3rd period - Shot Blocked by Freddie Hamilton.
5:53 of 3rd period - Slapshot by Keith Ballard.
5:53 of 3rd period - Shot Blocked by Jonathan Marchessault.
6:01 of 3rd period - Snap shot by Andre Burakovsky.
6:01 of 3rd period - Shot Misses the Net.
6:03 of 3rd period - Snap shot by Tyler Wotherspoon.
6:03 of 3rd period - Deflect By Andre Burakovsky.
6:03 of 3rd period - Stopped by Christopher Gibson with a rebound.
6:05 of 3rd period - Snap shot by Keith Ballard.
6:05 of 3rd period - Deflect By Johan Larsson.
6:05 of 3rd period - Shot Blocked by Ville Pokka.
6:05 of 3rd period - Puck is out of play.
6:06 of 3rd period - Jacob De La Rose wins face-off versus Tyler Pitlick in Falcons zone.
6:54 of 3rd period - Slapshot by Brooks Laich.
6:54 of 3rd period - Stopped by Christopher Gibson with a rebound.
7:21 of 3rd period - Icing by Keith Ballard.
7:22 of 3rd period - Markus Granlund wins face-off versus Brooks Laich in Heat zone.
7:58 of 3rd period - Snap shot by Jacob De La Rose.
7:58 of 3rd period - Stopped by Andrei Vasilevskiy without a rebound.
7:59 of 3rd period - Max Reinhart wins face-off versus Joey Hishon in Heat zone.
8:09 of 3rd period - Michael Ryder is hit by Jacob De La Rose and loses puck.
8:36 of 3rd period - Wrist shot by Vincent Trocheck.
8:36 of 3rd period - Shot Blocked by Tyson Strachan.
8:38 of 3rd period - Slapshot by Brandon Davidson.
8:38 of 3rd period - Stopped by Andrei Vasilevskiy with a rebound.
8:40 of 3rd period - Snap shot by Nathan Beaulieu.
8:40 of 3rd period - Shot Blocked by Lucas Lessio.
8:52 of 3rd period - Snap shot by Michael Ferland.
8:52 of 3rd period - Shot Misses the Net.
8:54 of 3rd period - Wrist shot by Michael Ferland.
8:54 of 3rd period - Shot Misses the Net.
9:38 of 3rd period - Joey Hishon is hit by Stephane Veilleux and loses puck.
9:45 of 3rd period - Wrist shot by Joey Hishon.
9:45 of 3rd period - Shot Misses the Net.
9:47 of 3rd period - Slapshot by Greg Rallo.
9:47 of 3rd period - Stopped by Andrei Vasilevskiy with a rebound.
9:49 of 3rd period - Slapshot by Michael Kostka.
9:49 of 3rd period - Stopped by Andrei Vasilevskiy with a rebound.
10:16 of 3rd period - Snap shot by Seth Griffith.
10:16 of 3rd period - Shot Blocked by Michael Kostka.
11:11 of 3rd period - Markus Granlund is hit by Lucas Lessio and loses puck.
11:28 of 3rd period - Henrik Tommernes is hit by Eric Boulton and loses puck.
12:27 of 3rd period - Slapshot by Andre Burakovsky.
12:27 of 3rd period - Shot Misses the Net.
12:29 of 3rd period - Slapshot by Jason Garrison.
12:29 of 3rd period - Shot Blocked by Emile Poirier.
12:31 of 3rd period - Slapshot by Tyson Strachan.
12:31 of 3rd period - Deflect By Vincent Trocheck.
12:31 of 3rd period - Stopped by Christopher Gibson with a rebound.
12:33 of 3rd period - Slapshot by Jason Garrison.
12:33 of 3rd period - Shot Misses the Net.
12:35 of 3rd period - Slapshot by Tyson Strachan.
12:35 of 3rd period - Stopped by Christopher Gibson with a rebound.
12:37 of 3rd period - Slapshot by Johan Larsson.
12:37 of 3rd period - Shot Misses the Net.
12:39 of 3rd period - Snap shot by Stephane Veilleux.
12:39 of 3rd period - Stopped by Christopher Gibson without a rebound.
12:40 of 3rd period - Johan Larsson wins face-off versus Freddie Hamilton in Falcons zone.
12:49 of 3rd period - Stephane Veilleux is hit by Robert Hagg.
13:19 of 3rd period - Backhand shot by Joey Hishon.
13:19 of 3rd period - Stopped by Andrei Vasilevskiy with a rebound.
13:36 of 3rd period - Vincent Trocheck is hit by Matt Ellis and loses puck.
13:43 of 3rd period - Snap shot by Seth Griffith.
13:43 of 3rd period - Goal by Seth Griffith - Heat : 2 - Falcons : 2.
13:44 of 3rd period - Max Reinhart wins face-off versus Markus Granlund in neutral zone.
13:59 of 3rd period - Wrist shot by Jonathan Marchessault.
13:59 of 3rd period - Stopped by Andrei Vasilevskiy with a rebound.
14:41 of 3rd period - Snap shot by Dmitrij Jaskin.
14:41 of 3rd period - Shot Hit the Post.
14:43 of 3rd period - Slapshot by Vincent Trocheck.
14:43 of 3rd period - Shot Misses the Net.
14:45 of 3rd period - Wrist shot by Vincent Trocheck.
14:45 of 3rd period - Stopped by Andrei Vasilevskiy with a rebound.
14:47 of 3rd period - Slapshot by Nathan Beaulieu.
14:47 of 3rd period - Shot Misses the Net.
14:49 of 3rd period - Snap shot by Vincent Trocheck.
14:49 of 3rd period - Stopped by Andrei Vasilevskiy with a rebound.
14:51 of 3rd period - Slapshot by Tobias Rieder.
14:51 of 3rd period - Shot Blocked by Corey Potter.
15:07 of 3rd period - Slapshot by Andre Burakovsky.
15:07 of 3rd period - Shot Misses the Net.
15:17 of 3rd period - Snap shot by Andre Burakovsky.
15:17 of 3rd period - Shot Misses the Net.
15:36 of 3rd period - Wrist shot by Johan Larsson.
15:36 of 3rd period - Shot Misses the Net.
15:38 of 3rd period - Slapshot by Tyson Strachan.
15:38 of 3rd period - Stopped by Christopher Gibson without a rebound.
15:39 of 3rd period - Matt Ellis wins face-off versus Markus Granlund in Falcons zone.
15:50 of 3rd period - Snap shot by Brooks Laich.
15:50 of 3rd period - Stopped by Christopher Gibson with a rebound.
16:00 of 3rd period - Snap shot by Jonathan Marchessault.
16:00 of 3rd period - Deflect By Markus Granlund.
16:00 of 3rd period - Shot Misses the Net.
16:00 of 3rd period - Puck is out of play.
16:01 of 3rd period - Joey Hishon wins face-off versus Tyler Pitlick in Heat zone.
16:06 of 3rd period - Wrist shot by Jacob De La Rose.
16:06 of 3rd period - Stopped by Andrei Vasilevskiy with a rebound.
16:22 of 3rd period - Wrist shot by Michael Ferland.
16:22 of 3rd period - Shot Blocked by Greg Rallo.
16:54 of 3rd period - Snap shot by Jonathan Marchessault.
16:54 of 3rd period - Stopped by Andrei Vasilevskiy with a rebound.
17:18 of 3rd period - Minor Penalty to Jason Garrison for Hooking.
17:19 of 3rd period - Max Reinhart wins face-off versus Vincent Trocheck in Heat zone.
18:17 of 3rd period - Henrik Tommernes is hit by Tyler Pitlick and loses puck.
18:26 of 3rd period - Wrist shot by Dmitrij Jaskin.
18:26 of 3rd period - Stopped by Andrei Vasilevskiy with a rebound.
18:42 of 3rd period - Snap shot by Markus Granlund.
18:42 of 3rd period - Stopped by Andrei Vasilevskiy without a rebound.
18:43 of 3rd period - Markus Granlund wins face-off versus Max Reinhart in Heat zone.
18:48 of 3rd period - Snap shot by Freddie Hamilton.
18:48 of 3rd period - Stopped by Andrei Vasilevskiy without a rebound.
18:49 of 3rd period - Markus Granlund wins face-off versus Max Reinhart in Heat zone.
19:08 of 3rd period - Slapshot by Max Reinhart.
19:08 of 3rd period - Shot Blocked by Brandon Davidson.
19:18 of 3rd period - Penalty to Jason Garrison is over, Jason Garrison is back on ice.
19:35 of 3rd period - Jason Garrison is hit by Greg Rallo and loses puck.
19:46 of 3rd period - Wrist shot by Greg Rallo.
19:46 of 3rd period - Stopped by Andrei Vasilevskiy with a rebound.
Goals for this period are 2 for Heat vs 0 for Falcons.
Shots for this period are 10 for Heat vs 15 for Falcons.

Overtime #1


0:01 of 1st overtime period - Johan Larsson wins face-off versus Vincent Trocheck in neutral zone.
0:08 of 1st overtime period - Snap shot by Johan Larsson.
0:08 of 1st overtime period - Stopped by Christopher Gibson with a rebound.
0:35 of 1st overtime period - Snap shot by Dmitrij Jaskin.
0:35 of 1st overtime period - Stopped by Andrei Vasilevskiy with a rebound.
0:37 of 1st overtime period - Slapshot by Michael Kostka.
0:37 of 1st overtime period - Stopped by Andrei Vasilevskiy with a rebound.
0:55 of 1st overtime period - Brooks Laich is hit by Jonathan Marchessault and loses puck.
1:48 of 1st overtime period - Jacob De La Rose is hit by Tyler Pitlick and loses puck.
2:31 of 1st overtime period - Icing by Michael Ryder.
2:32 of 1st overtime period - Max Reinhart wins face-off versus Emile Poirier in Heat zone.
2:34 of 1st overtime period - Icing by Michael Ryder.
2:35 of 1st overtime period - Max Reinhart wins face-off versus Tobias Rieder in Heat zone.
2:48 of 1st overtime period - Snap shot by Michael Ryder.
2:48 of 1st overtime period - Shot Blocked by Brandon Davidson.
2:50 of 1st overtime period - Slapshot by Tyson Strachan.
2:50 of 1st overtime period - Stopped by Christopher Gibson with a rebound.
2:52 of 1st overtime period - Slapshot by Tyson Strachan.
2:52 of 1st overtime period - Stopped by Christopher Gibson without a rebound.
2:53 of 1st overtime period - Vincent Trocheck wins face-off versus Johan Larsson in Falcons zone.
4:05 of 1st overtime period - Nathan Beaulieu is hit by Matt Ellis and loses puck.
4:54 of 1st overtime period - Slapshot by Michael Ryder.
4:54 of 1st overtime period - Shot Misses the Net.
4:56 of 1st overtime period - Wrist shot by Corey Potter.
4:56 of 1st overtime period - Deflect By Max Reinhart.
4:56 of 1st overtime period - Shot Blocked by Brandon Davidson.
4:56 of 1st overtime period - Puck is out of play.
4:57 of 1st overtime period - Tyler Pitlick wins face-off versus Tobias Rieder in Falcons zone.
6:00 of 1st overtime period - Snap shot by Jacob De La Rose.
6:00 of 1st overtime period - Stopped by Andrei Vasilevskiy with a rebound.
6:32 of 1st overtime period - Slapshot by Dmitrij Jaskin.
6:32 of 1st overtime period - Shot Misses the Net.
6:34 of 1st overtime period - Slapshot by Dmitrij Jaskin.
6:34 of 1st overtime period - Deflect By Vincent Trocheck.
6:34 of 1st overtime period - Stopped by Andrei Vasilevskiy with a rebound.
6:38 of 1st overtime period - Snap shot by Tobias Rieder.
6:38 of 1st overtime period - Shot Blocked by Tyler Pitlick.
6:40 of 1st overtime period - Slapshot by Brandon Davidson.
6:40 of 1st overtime period - Stopped by Andrei Vasilevskiy with a rebound.
6:42 of 1st overtime period - Snap shot by Vincent Trocheck.
6:42 of 1st overtime period - Shot Hit the Post.
7:00 of 1st overtime period - Wrist shot by Markus Granlund.
7:00 of 1st overtime period - Stopped by Andrei Vasilevskiy with a rebound.
7:19 of 1st overtime period - Off-side.
7:20 of 1st overtime period - Max Reinhart wins face-off versus Joey Hishon in neutral zone.
7:51 of 1st overtime period - Wrist shot by Lucas Lessio.
7:51 of 1st overtime period - Stopped by Christopher Gibson with a rebound.
7:53 of 1st overtime period - Snap shot by Lucas Lessio.
7:53 of 1st overtime period - Stopped by Christopher Gibson without a rebound.
7:54 of 1st overtime period - Johan Larsson wins face-off versus Vincent Trocheck in Falcons zone.
8:55 of 1st overtime period - Snap shot by Emile Poirier.
8:55 of 1st overtime period - Shot Misses the Net.
9:37 of 1st overtime period - Wrist shot by Seth Griffith.
9:37 of 1st overtime period - Shot Blocked by Joey Hishon.
9:41 of 1st overtime period - Wrist shot by Matt Ellis.
9:41 of 1st overtime period - Stopped by Christopher Gibson with a rebound.
10:04 of 1st overtime period - Lucas Lessio is hit by Vincent Trocheck and loses puck.
10:15 of 1st overtime period - Snap shot by Vincent Trocheck.
10:15 of 1st overtime period - Shot Blocked by Max Reinhart.
10:17 of 1st overtime period - Snap shot by Dmitrij Jaskin.
10:17 of 1st overtime period - Shot Misses the Net.
10:33 of 1st overtime period - Slapshot by Jonathan Marchessault.
10:33 of 1st overtime period - Stopped by Andrei Vasilevskiy with a rebound.
10:41 of 1st overtime period - Wrist shot by Freddie Hamilton.
10:41 of 1st overtime period - Stopped by Andrei Vasilevskiy with a rebound.
10:57 of 1st overtime period - Wrist shot by Emile Poirier.
10:57 of 1st overtime period - Stopped by Andrei Vasilevskiy without a rebound.
10:58 of 1st overtime period - Matt Ellis wins face-off versus Tobias Rieder in Heat zone.
11:11 of 1st overtime period - Wrist shot by Brooks Laich.
11:11 of 1st overtime period - Shot Blocked by Michael Kostka.
11:13 of 1st overtime period - Wrist shot by Matt Ellis.
11:13 of 1st overtime period - Shot Blocked by Tobias Rieder.
11:15 of 1st overtime period - Slapshot by Konrad Abeltshauser.
11:15 of 1st overtime period - Stopped by Christopher Gibson with a rebound.
12:48 of 1st overtime period - Snap shot by Joey Hishon.
12:48 of 1st overtime period - Shot Misses the Net.
12:50 of 1st overtime period - Snap shot by Jacob De La Rose.
12:50 of 1st overtime period - Shot Misses the Net.
12:52 of 1st overtime period - Slapshot by Jacob De La Rose.
12:52 of 1st overtime period - Shot Blocked by Tyson Strachan.
12:54 of 1st overtime period - Slapshot by Robert Hagg.
12:54 of 1st overtime period - Stopped by Andrei Vasilevskiy with a rebound.
13:43 of 1st overtime period - Snap shot by Jonathan Marchessault.
13:43 of 1st overtime period - Shot Blocked by Tyson Strachan.
13:45 of 1st overtime period - Slapshot by Freddie Hamilton.
13:45 of 1st overtime period - Stopped by Andrei Vasilevskiy with a rebound.
13:47 of 1st overtime period - Wrist shot by Freddie Hamilton.
13:47 of 1st overtime period - Stopped by Andrei Vasilevskiy with a rebound.
13:49 of 1st overtime period - Wrist shot by Freddie Hamilton.
13:49 of 1st overtime period - Stopped by Andrei Vasilevskiy with a rebound.
14:09 of 1st overtime period - Matt Ellis is hit by Jacob De La Rose and loses puck.
14:33 of 1st overtime period - Icing by Brooks Laich.
14:34 of 1st overtime period - Vincent Trocheck wins face-off versus Seth Griffith in Heat zone.
15:28 of 1st overtime period - Wrist shot by Michael Ryder.
15:28 of 1st overtime period - Shot Misses the Net.
15:56 of 1st overtime period - Nathan Beaulieu is hit by Michael Ferland and loses puck.
16:11 of 1st overtime period - Snap shot by Michael Ferland.
16:11 of 1st overtime period - Deflect By Eric Boulton.
16:11 of 1st overtime period - Shot Blocked by Brandon Davidson.
16:11 of 1st overtime period - Puck is out of play.
16:12 of 1st overtime period - Matt Ellis wins face-off versus Joey Hishon in Falcons zone.
17:33 of 1st overtime period - Joey Hishon is hit by Tyler Pitlick and loses puck.
17:40 of 1st overtime period - Joey Hishon is hit by Tyler Wotherspoon and loses puck.
18:09 of 1st overtime period - Snap shot by Seth Griffith.
18:09 of 1st overtime period - Goal by Seth Griffith - Heat : 3 - Falcons : 2.
Goals for this period are 1 for Heat vs 0 for Falcons.
Shots for this period are 8 for Heat vs 13 for Falcons.